 Dungeon Crawl Stone Soup version 0.26-b1-32-g5d43845318 (webtiles) character file.

Game seed: 16571928745659785132

95 jmlagarto the Skirmisher (level 4, -3/50 HPs)
             Began as an Ogre Berserker on Jan 12, 2021.
             Was a Believer of Trog.
             Slain by a worm (14 damage)
             ... on level 3 of the Dungeon.
             The game lasted 00:04:13 (2942 turns).

jmlagarto the Skirmisher (Ogre Berserker)           Turns: 2942, Time: 00:04:14

Health: -3/50      AC:  3    Str: 22    XL:     4   Next: 65%
Magic:  4/4        EV: 10    Int:  8    God:    Trog [**....]
Gold:   91         SH:  0    Dex:  8    Spells: 3/3 levels left

rFire    x . .     SeeInvis .   a - +0 spear
rCold    + . .     Faith    .   (no shield)
rNeg     . . .     Spirit   .   b - +0 animal skin
rPois    .         Reflect  .   (helmet restricted)
rElec    .         Harm     +   i - scarf {harm}
rCorr    .         Rampage  .   (gloves unavailable)
Will     .....                  (boots unavailable)
Stlth    +.........             r - amulet of the acrobat
HPRegen  0.16/turn              k - ring of ice
MPRegen  0.09/turn              (no ring)

@: berserk cooldown, slowed, very slow
A: large, unfitting armour, tough skin 1
a: Renounce Religion, Berserk, Trog's Hand


You were on level 3 of the Dungeon.
You worshipped Trog.
Trog was pleased with you.
You visited 1 branch of the dungeon, and saw 3 of its levels.

You collected 91 gold pieces.

Inventory:

Hand Weapons
 a - a +0 spear (weapon)
Missiles
 l - 11 poisoned darts
Armour
 b - a +0 animal skin (worn)
 i - a scarf of harm (worn)
Jewellery
 k - a ring of ice (left hand)
 r - an amulet of the acrobat (around neck)
Scrolls
 d - 3 scrolls of remove curse
 e - a scroll of blinking {unknown}
 h - a scroll of identify {unknown}
 m - a scroll of enchant armour {unknown}
 n - 4 scrolls of amnesia {unknown}
 q - a scroll of immolation {unknown}
 s - a scroll of fear {unknown}
Potions
 c - 3 potions of flight {unknown}
 f - a potion of haste {unknown}
 g - a potion of curing {unknown}
 j - a potion of attraction {unknown}
 o - a potion of resistance {unknown}
 p - a potion of heal wounds {unknown}


   Skills:
 + Level 5.1 Fighting
 - Level 3.0 Polearms
 + Level 1.7 Armour
 + Level 3.5 Dodging


You had 3 spell levels left.
You didn't know any spells.
Your spell library was empty.

Dungeon Overview and Level Annotations

Branches:
Dungeon (3/15)

Altars:
Cheibriados
Kikubaaqudgha
The Shining One


Innate Abilities, Weirdness & Mutations

You are too large for most types of armour.
You have tough skin. (AC +1)


Message History

The worm bites you!
You barely miss the worm.
The worm is moderately wounded.
You hit the worm.
The worm is moderately wounded.
The worm closely misses you.
You hit the worm.
The worm is severely wounded.
The worm bites you.
You hit the worm but do no damage.
The worm is heavily wounded.
The worm bites you!
* * * LOW HITPOINT WARNING * * *
You barely miss the worm.
The worm is heavily wounded.
The worm barely misses you.
You hit the worm.
The worm is severely wounded.
The worm bites you!
You die...

###########
#...<.....#
#.........#
#.........#
#.........# #
#.........#... #
#####[.....w......
#######.))......@....#
........#)..........##
..######..#<(.......#
..# #.!.##............
..#
#.###############..
..# #. . ..#... .##.#
....


You could see a worm.

Vanquished Creatures
  A gnoll (D:1)
  2 adders (D:2)
  A leopard gecko (D:2)
  5 orcs (D:3)
  4 giant cockroaches
  8 hobgoblins
  2 jackals (D:1)
  A ball python (D:2)
  7 bats
  3 frilled lizards (D:1)
  11 goblins
  5 kobolds
  5 rats
55 creatures vanquished.

Notes
Turn   | Place    | Note
-------+----------+-------------------------------------------
     0 | D:1      | jmlagarto the Ogre Berserker began the quest for the Orb.
     0 | D:1      | Reached XP level 1. HP: 24/24 MP: 1/1
   507 | D:1      | Reached XP level 2. HP: 28/32 MP: 2/2
   994 | D:1      | Reached skill level 1 in Armour
  1108 | D:1      | Reached XP level 3. HP: 23/40 MP: 3/3
  2000 | D:2      | Found an ancient bone altar of Kikubaaqudgha.
  2000 | D:2      | Found a glowing golden altar of the Shining One.
  2002 | D:2      | Found a snail-covered altar of Cheibriados.
  2037 | D:2      | Reached ** piety under Trog
  2089 | D:2      | Reached XP level 4. HP: 49/49 MP: 4/4
  2160 | D:2      | Reached skill level 5 in Fighting
  2942 | D:3      | Slain by a worm

Illustrated notes

Levels and vault maps discovered:
D:1:      nzn_arrival_crosshair, layout_loops_corners
D:2:      layout_loops_ring, gammafunk_temple_overflow_claw, minmay_quantized
D:3:      layout_rooms, due_unseen_surprise

Skill      XL: |  1  2  3  4 |
---------------+-------------+-----
Dodging        | 3 |  3.5
Armour         | 1 |  1.7
Fighting       | 5 |  5.1
Polearms       | |  3.0

Action                   |  1- 3 |  4- 6 || total
-------------------------+-------+-------++-------
Melee: Spear             |   149 |    66 ||   215
Invok: Berserk           |     3 |     2 ||     5
  Use: Scroll            |       |     1 ||     1
 Stab: Sleeping          |       |     1 ||     1
Armor: Animal skin       |    50 |     9 ||    59
Dodge: Dodged            |    93 |    31 ||   124
